 Dungeon Crawl Stone Soup version 0.26.1-16-g4e020e15dc (webtiles) character file.

Game seed: 8538978424990312713

1339 Froggeryz the Cudgeller (level 8, -6/87 HPs)
             Began as an Ogre Gladiator on Mar 15, 2023.
             Was an Initiate of Okawaru.
             Mangled by an orc warrior
             ... wielding a +0 trident
              (16 damage)
             ... on level 6 of the Dungeon.
             The game lasted 00:05:19 (7461 turns).

Froggeryz the Cudgeller (Ogre Gladiator)            Turns: 7461, Time: 00:05:19

Health: -6/87      AC:  7    Str: 20    XL:     8   Next: 61%
Magic:  8/8        EV: 16    Int:  9    God:    Okawaru [......]
Gold:   292        SH:  0    Dex: 11    Spells: 7/7 levels left

rFire    . . .     SeeInvis .   e - +2 flail (holy)
rCold    . . .     Faith    .   (no shield)
rNeg     . . .     Spirit   .   b - +0 robe
rPois    .         Reflect  .   a - +2 hat
rElec    .         Harm     .   s - +1 cloak {Stlth+}
rCorr    .         Rampage  .   (gloves unavailable)
Will     .....                  (boots unavailable)
Stlth    +.........             (no amulet)
HPRegen  0.24/turn              (no ring)
MPRegen  0.11/turn              p - +4 ring of evasion

@: no status effects
A: large, unfitting armour, tough skin 1
a: Renounce Religion


You were on level 6 of the Dungeon.
You worshipped Okawaru.
Okawaru was noncommittal.
You visited 2 branches of the dungeon, and saw 7 of its levels.

You collected 292 gold pieces.

Inventory:

Hand Weapons
 e - a +2 flail of holy wrath (weapon)
 w - a +0 morningstar
Missiles
 d - 5 throwing nets
 l - 3 boomerangs
 o - 6 poisoned darts (quivered)
 v - 3 large rocks
Armour
 a - a +2 hat (worn)
 b - a +0 robe (worn)
 s - a +1 cloak of stealth (worn)
Jewellery
 p - a +4 ring of evasion (right hand)
 C - an uncursed ring of protection from fire {unknown}
 D - an uncursed ring of magical power {unknown}
Scrolls
 c - 3 scrolls of remove curse
 k - 2 scrolls of immolation
 m - a scroll of blinking {unknown}
 n - 6 scrolls of identify
 q - 5 scrolls of enchant weapon
 t - 2 scrolls of fear {unknown}
 u - a scroll of teleportation {unknown}
 x - 3 scrolls of enchant armour {unknown}
 y - a scroll of amnesia {unknown}
 A - a scroll of magic mapping
Potions
 f - 2 potions of magic {unknown}
 g - a potion of mutation {unknown}
 h - 3 potions of invisibility {unknown}
 i - a potion of heal wounds {unknown}
 j - a potion of haste {unknown}
 r - 2 potions of curing {unknown}
 z - 2 potions of lignification {unknown}
 B - 3 potions of brilliance {unknown}
 E - a potion of flight {unknown}
 F - a potion of might


   Skills:
 + Level 7.1 Fighting
 * Level 7.2 Maces & Flails
 - Level 2.0 Throwing
 + Level 5.3 Dodging


You had 7 spell levels left.
You didn't know any spells.
Your spell library was empty.

Dungeon Overview and Level Annotations

Branches:
Dungeon (6/15)             Temple (1/1) D:5

Altars:
Cheibriados
Dithmenos
Elyvilon
Gozag
Hepliaklqana
Kikubaaqudgha
Nemelex Xobeh
Okawaru
Ru
Sif Muna
Trog
Vehumet
Wu Jian
Yredelemnul
Zin
The Shining One
Lugonu


Innate Abilities, Weirdness & Mutations

You are too large for most types of armour.
You have tough skin. (AC +1)


Message History

The puff of flame misses you.
The orc warrior hits you from afar with a +0 trident!
You are too injured to fight recklessly!
You are too injured to fight recklessly!
You are too injured to fight recklessly!
You are too injured to fight recklessly!
You are too injured to fight recklessly!
You are too injured to fight recklessly!
You are too injured to fight recklessly!
The orc wizard hits you with a +4 dagger of electrocution.
You closely miss the orc wizard.
The orc wizard gestures at you while chanting.
The puff of frost hits you!
* * * LOW HITPOINT WARNING * * *
The orc misses you.
The orc wizard hits you but does no damage.
You are electrocuted!
* * * LOW HITPOINT WARNING * * *
The orc warrior hits you from afar with a +0 trident!
You die...

....# ##.# #.#.#.....#
..#.####..# #........##
#.#...<..## #####.......
#..##..######..$........
##.##.........##
.#.......##....##
.##....#######..#
.......# ##.####
##.###.# #?@oo# ##.# #.+
##Zoo...... >..# ###
...#r#.#.#. .#
##.....).... .#
#..#.#.#.#. .#####
##......... .....##
..#.#.#.#. #.#...#
.......... ......#####


You could see an orc warrior, an orc wizard (fast), 2 orcs, a howler monkey
zombie and a quokka.

Vanquished Creatures
  Menkaure (D:4)
  2 phantoms
  An ice beast (D:5)
  A centaur (D:5)
  A bullfrog (D:4)
  A howler monkey (D:4)
  3 hounds
  An orc priest (D:3)
  A bullfrog zombie (D:4)
  A jelly (D:6)
  2 orc wizards
  Crazy Yiuf (D:2)
  A centaur skeleton (D:6)
  2 iguanas
  4 worker ants
  A statue (D:5)
  A hound zombie (D:5)
  A hound skeleton (D:6)
  A worker ant zombie (D:5)
  4 gnolls
  A howler monkey skeleton (D:4)
  7 adders
  A white imp (D:6)
  An ufetubus (D:5)
  An ooze (D:4)
  An adder zombie (D:4)
  2 adder skeletons
  5 worms
  5 leopard geckos
  17 orcs
  7 giant cockroaches
  13 goblins
  6 hobgoblins
  5 jackals
  3 kobolds
  2 quokkas
  11 bats
  8 frilled lizards
  A leopard gecko skeleton (D:4)
  2 leopard gecko zombies (D:5)
  13 rats
143 creatures vanquished.

Notes
Turn   | Place    | Note
-------+----------+-------------------------------------------
     0 | D:1      | Froggeryz the Ogre Gladiator began the quest for the Orb.
     0 | D:1      | Reached XP level 1. HP: 22/22 MP: 1/1
   337 | D:1      | Reached XP level 2. HP: 24/29 MP: 2/2
   878 | D:2      | Reached XP level 3. HP: 18/37 MP: 3/3
  1442 | D:2      | Reached XP level 4. HP: 33/45 MP: 4/4
  2139 | D:2      | Found a runed translucent door.
  2140 | D:2      | Noticed Crazy Yiuf
  2515 | D:2      | Killed Crazy Yiuf
  2516 | D:2      | Reached XP level 5. HP: 33/54 MP: 5/5
  3346 | D:2      | Reached XP level 6. HP: 17/63 MP: 6/6
  3779 | D:3      | Found a faded altar of an unknown god.
  4592 | D:4      | Noticed a phantom
  4598 | D:4      | Reached skill level 5 in Maces & Flails
  4628 | D:4      | Reached skill level 5 in Fighting
  4631 | D:4      | Killed a phantom
  4632 | D:4      | Reached XP level 7. HP: 39/72 MP: 7/7
  5253 | D:4      | Found a sacrificial altar of Ru.
  5331 | D:4      | Noticed Menkaure
  5338 | D:4      | Killed Menkaure
  5766 | D:5      | Entered Level 5 of the Dungeon
  5785 | D:5      | Found a sparkling altar of Nemelex Xobeh.
  5785 | D:5      | Found an ornate altar of the Wu Jian Council.
  5788 | D:5      | Found a white marble altar of Elyvilon.
  5788 | D:5      | Found a basalt altar of Yredelemnul.
  5789 | D:5      | Found a glowing silver altar of Zin.
  5789 | D:5      | Found a glowing golden altar of the Shining One.
  5789 | D:5      | Found an opulent altar of Gozag.
  5840 | D:5      | Reached XP level 8. HP: 74/83 MP: 8/8
  5945 | D:5      | Found a snail-covered altar of Cheibriados.
  5981 | D:5      | Found a radiant altar of Vehumet.
  6122 | D:5      | Found a staircase to the Ecumenical Temple.
  6137 | D:5      | Reached skill level 5 in Dodging
  6146 | Temple   | Entered the Ecumenical Temple
  6372 | Temple   | Became a worshipper of Warmaster Okawaru
  7461 | D:6      | Mangled by an orc warrior

Illustrated notes

Levels and vault maps discovered:
D:1:      sevenhm_arrival_forest_fort_small_4, layout_loops_ring,
          nrook_loot_triangle, amcnicky_mini_pool_small,
          minmay_misc_feat_pillars, minmay_misc_feat_diagonals, nrook_campfire
D:2:      layout_basic, uniq_crazy_yiuf_cottage
D:3:      layout_basic, chequers_ecumenical_altar_simple
D:4:      layout_cave_pods, kennysheep_mini, minmay_manual_monstrance,
          uniq_menkaure
D:5:      layout_basic, grunt_temple_overflow_open,
          nicolae_overflow_crystal_walls, vehumet_statue,
          minmay_temple_entry_ruins, chequers_serial_rivers_small_3
D:6:      layout_rooms, grunt_temple_overflow_champion_of_chaos,
          old_standard_altar, serial_glass, glass_columns_c, glass_columns_a,
          glass_columns_c, glass_columns_a, glass_columns_a, glass_columns_a,
          glass_columns_a, glass_columns_a, hangedman_decor_slide_cut,
          serial_bayou_crossing
Temple:   corrupted_temple

Skill      XL: |  1  2  3  4  5  6  7  8 |
---------------+-------------------------+-----
Maces & Flails | 3 4 5 6 7 |  7.2
Fighting       | 3 4 5 6 7 |  7.1
Dodging        | 3 4 5 |  5.3
Throwing       | |  2.0

Action                   |  1- 3 |  4- 6 |  7- 9 || total
-------------------------+-------+-------+-------++-------
Melee: Flail             |   120 |   224 |   186 ||   530
  Use: Scroll            |       |     4 |       ||     4
 Stab: Sleeping          |     2 |       |       ||     2
Armor: Robe              |    59 |    60 |    38 ||   157
Dodge: Dodged            |    74 |   158 |   132 ||   364
